 Dungeon Sprint DCSS version 0.22.1-1-ga44c0e56f4 (webtiles) character file.

11122 MuseOD the Imperceptible (level 11, -23/60 HPs)
             Began as a Spriggan Enchanter on Sept 22, 2018.
             Was the Champion of Dithmenos.
             Annihilated by a golden dragon (38 damage)
             ... in the Dungeon (Sprint II: "The Violet Keep of Menkaure").
             The game lasted 00:08:21 (1971 turns).

MuseOD the Imperceptible (Spriggan Enchanter)       Turns: 1971, Time: 00:08:22

Health: -23/60     AC:  1    Str:  4    XL:     11   Next: 45%
Magic:  23/28      EV: 18    Int: 21    God:    Dithmenos [******]
Gold:   18         SH:  0    Dex: 20    Spells: 25/40 levels left

rFire    . . .     SeeInvis +   c - +3 rapier "Widowermaker" {drain, Dex+2 Stlth+}
rCold    + . .     Gourm    .   (shield restricted)
rNeg     . . .     Faith    .   b - +0 robe
rPois    .         Spirit   .   (helmet restricted)
rElec    .         Reflect  .   (no cloak)
rCorr    .         Harm     .   (gloves unavailable)
MR       +....     NoTele   +   (boots unavailable)
Stlth    +++++++++.             (no amulet)
HPRegen  0.20/turn              (no ring)
MPRegen  0.21/turn              (no ring)

@: slightly contaminated, wreathed by umbra, invisible, slow
A: very small, unfitting armour, see invisible, agile 1, cold resistance 1,
deformed body, herbivore, speed 3, low mp 1, slow metabolism 2
a: Shadow Step, Shadow Form, Renounce Religion


You were in the Dungeon.
You worshipped Dithmenos.
Dithmenos was exalted by your worship.
You were not hungry.

You visited 1 branch You collected 1620 gold pieces.
You spent 1602 gold pieces at shops.

Inventory:

Hand Weapons
 a - a +1 dagger
 c - the +3 rapier "Widowermaker" (weapon) {drain, Dex+2 Stlth+}
   (You bought it in a shop in the Dungeon)

   A truly terrible weapon, it drains the life of those it strikes.
   It affects your dexterity (+2).
   It makes you more stealthy.
 m - the +10 dagger of Equivalence {drain, SInv}
   (You bought it in a shop in the Dungeon)

   A truly terrible weapon, it drains the life of those it strikes.
   It lets you see invisible.
Armour
 b - a +0 robe (worn)
Jewellery
 k - an uncursed ring of magical power {unknown}
Potions
 e - a potion of curing
 f - a potion of heal wounds
 g - a potion of haste
 h - a potion of magic
 i - a potion of berserk rage
 l - 3 potions of flight {unknown}


   Skills:
 - Level 7.9 Fighting
 - Level 14.0 Short Blades
 - Level 3.0 Dodging
 + Level 22.1 Stealth
 + Level 15.0 Spellcasting
 + Level 15.1 Hexes


You had 25 spell levels left.
You knew the following spells:

 Your Spells              Type           Power        Failure   Level  Hunger
a - Corona                Hex            ######.      0%          1    None
b - Ensorcelled Hibernat  Hex/Ice        #####.       1%          2    None
c - Confuse               Hex            ######..     1%          3    None
d - Dazzling Spray        Conj/Hex       #####.       1%          3    None
e - Invisibility          Hex            ######..     1%          6    #####..

Your spell library contained the following spells:

 Spells                   Type           Power        Failure   Level  Hunger
 Tukima's Dance           Hex            ######..     1%          3    None
 Fulminant Prism          Conj/Hex       #####.....   1%          4    None
 Apportation              Tloc           ###...       3%          1    None
 Magic Dart               Conj           ###.         3%          1    None
 Summon Butterflies       Summ           ###.....     3%          1    None
 Searing Ray              Conj           ###...       6%          2    None
 Lesser Beckoning         Tloc           ###.......   12%         3    None
 Force Lance              Conj/Tloc      ###.....     36%         4    None
 Iskenderun's Mystic Bla  Conj           ###.....     36%         4    None
 Alistair's Intoxication  Tmut/Pois      ###.....     71%         5    ###....


Dungeon Overview and Level Annotations

Branches:
Dungeon (1/1)

Altars:
Cheibriados
Dithmenos
Elyvilon
Fedhas
Gozag
Hepliaklqana
Kikubaaqudgha
Makhleb
Nemelex Xobeh
Okawaru
Qazlal
Ru
Sif Muna
Trog
Uskayaw
Vehumet
Wu Jian
Xom
Yredelemnul
Zin
The Shining One
Beogh
Jiyva
Lugonu

Shops:
D (((:*!!=?![[!(:=}?%(*(}:(([?

Annotations:
D exclusions: oklob plant and orange crystal statue, Roxanne


Innate Abilities, Weirdness & Mutations

You are very small and have problems with some larger weapons.
You are too small for most types of armour.
You have supernaturally acute eyesight. (SInv)
You are a herbivore.
You cover ground extremely quickly.
You need to consume almost no food.
You are agile. (Dex +2)
Your flesh is cold resistant. (rC+)
Armour fits poorly on your strangely shaped body.
Your magical capacity is low. (-10% MP)


Message History

Aim: a golden dragon (hasn't noticed you, umbra, chance to defeat MR: 0%)
Okay, then.
Casting: Confuse (safe; 1% risk of failure)
Confirm with . or Enter, or press ? or * to list all spells.
Aiming: Dazzling Spray (safe; 1% risk of failure)
Press: ? - help, Shift-Dir - straight line, f - golden dragon
Aim: a golden dragon (hasn't noticed you, umbra)
The spray of energy hits the golden dragon.
The golden dragon roars deafeningly!
The golden dragon is dazzled.
Okay, then.
The golden dragon is no longer blind.
The golden dragon completely misses you. x2
The golden dragon tramples you!
* * * LOW HITPOINT WARNING * * *
You stumble backwards!
Splash!
The golden dragon bites you!!!
Ouch! That really hurt!
You die...

∩..#≈≈≈≈#..#..# ...# ...####
.⌠.#≈≈####.#.####..## #..##.# [?
∩..#≈##.###'###.##..# +..#†.#▓$!
...#≈#..###.###..#.D# #..#†)#▓??
...'≈'.##'D<.'.##'..####^.##†#▓?(
...#≈#.#.##.###..#....###...##▓▓▓
▓###≈##.###+###.##......≈≈≈≈≈≈≈≈≈
####≈≈####.#.####D≈..D..≈#'######
$ ##≈≈≈#..#.)#≈@≈≈≈§≈§.≈#_._....
?#+ +#≈##.#.##≈≈≈≈≈§≈§.≈#._._...
##.# #≈≈##'##≈≈≈§§§§§≈≈≈#_._._..
#§§§ #≈≈≈≈≈≈≈≈≈§§§§≈§≈≈#._._._.
§§zz #+++#+++#≈≈§§≈≈≈≈≈#_._._._
§§≈§ ##≈≈§###§≈#._._._. ≈§§≈§§
#≈§# #§§#.._._._ +≈§§§≈8≈§ ≈≈#
#≈§#._._._. ##§.≈§§§≈
§§§≈≈≈≈########


You could see a bone dragon (wandering), a golden dragon and a storm dragon.

Vanquished Creatures
  Kirke (D)
  A frost giant (D)
  A cacodemon (D)
  A yaktaur captain (D)
  A centaur warrior (D)
  A skeletal warrior (D)
  3 shining eyes (D)
  An elephant (D)
  A kobold demonologist (D)
  A yaktaur (D)
  A hornet (D)
  3 polar bears (D)
  2 tyrant leeches (D)
  3 slime creatures (D)
  3 hippogriffs (D)
  4 neqoxecs (D)
  3 black bears (D)
  5 necrophages (D)
  2 crocodiles (D)
  An iron imp (D)
  4 worker ants (D)
  A spectral bat (D)
  A spectral jackal (D)
45 creatures vanquished.

Vanquished Creatures (others)
  Menkaure (D)
1 creature vanquished.

Grand Total: 46 creatures vanquished

Notes
Turn   | Place    | Note
-------+----------+-------------------------------------------
     0 | D        | MuseOD the Spriggan Enchanter began the quest for the Orb.
     0 | D        | Reached XP level 1. HP: 9/9 MP: 5/5
     1 | D        | Noticed a worker ant
     1 | D        | Noticed a worker ant
     3 | D        | Noticed a worker ant
     3 | D        | Noticed a worker ant
     4 | D        | Killed a worker ant
     4 | D        | Reached skill level 6 in Stealth
     4 | D        | Reached XP level 2. HP: 15/15 MP: 6/6
     5 | D        | Reached skill level 5 in Short Blades
     5 | D        | Reached XP level 3. HP: 19/19 MP: 8/8
    17 | D        | Learned a level 3 spell: Confuse
    20 | D        | Learned a level 2 spell: Ensorcelled Hibernation
    23 | D        | Killed Menkaure
   292 | D        | Reached skill level 7 in Stealth
   292 | D        | Reached XP level 4. HP: 24/24 MP: 6/9
   295 | D        | Reached skill level 8 in Stealth
   322 | D        | Noticed a necrophage
   322 | D        | Noticed a necrophage
   322 | D        | Noticed a necrophage
   322 | D        | Noticed a necrophage
   325 | D        | Killed a necrophage
   325 | D        | Reached skill level 9 in Stealth
   325 | D        | Reached XP level 5. HP: 29/29 MP: 10/10
   326 | D        | Killed a necrophage
   326 | D        | Reached skill level 10 in Stealth
   331 | D        | Killed a necrophage
   331 | D        | Reached skill level 5 in Fighting
   331 | D        | Reached skill level 10 in Short Blades
   331 | D        | Reached skill level 11 in Stealth
   331 | D        | Reached XP level 6. HP: 28/35 MP: 4/11
   365 | D        | Found an iron altar of Okawaru.
   365 | D        | Found a radiant altar of Vehumet.
   365 | D        | Found a glowing silver altar of Zin.
   366 | D        | Found a sparkling altar of Nemelex Xobeh.
   366 | D        | Found a hide-covered altar of Uskayaw.
   366 | D        | Found a basalt altar of Yredelemnul.
   367 | D        | Found an opulent altar of Gozag.
   367 | D        | Found a burning altar of Makhleb.
   367 | D        | Found a bloodstained altar of Trog.
   368 | D        | Found a blossoming altar of Fedhas.
   368 | D        | Found a corrupted altar of Lugonu.
   368 | D        | Found a deep blue altar of Sif Muna.
   369 | D        | Found a white marble altar of Elyvilon.
   369 | D        | Found an ancient bone altar of Kikubaaqudgha.
   370 | D        | Found a shadowy altar of Dithmenos.
   370 | D        | Found a viscous altar of Jiyva.
   371 | D        | Found a snail-covered altar of Cheibriados.
   414 | D        | Found a roughly hewn altar of Beogh.
   414 | D        | Noticed a polar bear
   484 | D        | Noticed a yaktaur
   484 | D        | Noticed a hornet
   485 | D        | Noticed a polar bear
   498 | D        | Killed a polar bear
   498 | D        | Reached skill level 12 in Stealth
   499 | D        | Reached XP level 7. HP: 30/40 MP: 8/12
   501 | D        | Killed a polar bear
   501 | D        | Reached skill level 13 in Stealth
   510 | D        | Killed a polar bear
   511 | D        | Killed a hornet
   511 | D        | Reached XP level 8. HP: 35/46 MP: 0/13
   512 | D        | Killed a yaktaur
   512 | D        | Reached skill level 14 in Stealth
   523 | D        | Found a shimmering altar of Xom.
   523 | D        | Found a sacrificial altar of Ru.
   523 | D        | Found a hazy altar of Hepliaklqana.
   524 | D        | Found a glowing golden altar of the Shining One.
   524 | D        | Found an ornate altar of the Wu Jian Council.
   524 | D        | Found a stormy altar of Qazlal.
   531 | D        | Became a worshipper of Dithmenos the Shadowed
   640 | D        | Noticed a tyrant leech
   640 | D        | Noticed a tyrant leech
   657 | D        | Killed a tyrant leech
   679 | D        | Learned a level 3 spell: Dazzling Spray
   768 | D        | Killed a tyrant leech
   768 | D        | Reached skill level 15 in Stealth
  1011 | D        | Reached * piety under Dithmenos
  1011 | D        | Reached skill level 5 in Hexes
  1014 | D        | Reached skill level 5 in Spellcasting
  1022 | D        | Reached ** piety under Dithmenos
  1044 | D        | Reached XP level 9. HP: 28/51 MP: 0/19
  1180 | D        | Found Mommuinna's Book Emporium.
  1180 | D        | Found Fant's Magic Scroll Emporium.
  1180 | D        | Found Ogestrul's Gadget Shoppe.
  1180 | D        | Found Paukiar's Antique Armour Shoppe.
  1180 | D        | Found Amehuut's Weapon Emporium.
  1181 | D        | Found Jookk's Magic Scroll Shoppe.
  1181 | D        | Found Quvvapae's Gadget Emporium.
  1181 | D        | Found Gepreusm's Jewellery Shoppe.
  1182 | D        | Found Voukko's Distillery.
  1182 | D        | Found Inenawiasi's Antique Armour Shoppe.
  1182 | D        | Found Fuokin's Antique Armour Shoppe.
  1183 | D        | Found Vutal's Food Emporium.
  1183 | D        | Noticed a spiny frog
  1184 | D        | Found Xezopim's Jewellery Shoppe.
  1184 | D        | Found Loacki's Distillery.
  1184 | D        | Noticed a spiny frog
  1184 | D        | Noticed an oklob plant
  1185 | D        | Found Appam's Antique Weapon Shoppe.
  1185 | D        | Found Vuof's Book Shoppe.
  1186 | D        | Noticed a hell hog
  1187 | D        | Noticed a hell hog
  1189 | D        | Bought a book of Party Tricks for 650 gold pieces
  1196 | D        | Learned a level 6 spell: Invisibility
  1196 | D        | Noticed an iron elemental
  1200 | D        | Bought an iridescent rapier for 252 gold pieces
  1200 | D        | Identified the +3 rapier "Widowermaker" {drain, Dex+2
                  | Stlth+} (You bought it in a shop in the Dungeon)
  1222 | D        | Noticed an orange crystal statue
  1225 | D        | Noticed Kirke
  1225 | D        | Noticed a yaktaur captain
  1225 | D        | Noticed a kobold demonologist
  1226 | D        | Reached skill level 16 in Stealth
  1227 | D        | Noticed a centaur warrior
  1228 | D        | Noticed an elephant
  1229 | D        | Noticed a skeletal warrior
  1232 | D        | Killed a kobold demonologist
  1234 | D        | Killed Kirke
  1234 | D        | Reached *** piety under Dithmenos
  1234 | D        | Reached skill level 18 in Stealth
  1234 | D        | Reached skill level 10 in Spellcasting
  1234 | D        | Reached skill level 10 in Hexes
  1234 | D        | Reached XP level 10. HP: 56/56 MP: 19/25
  1235 | D        | Killed a yaktaur captain
  1237 | D        | Killed a centaur warrior
  1237 | D        | Reached skill level 19 in Stealth
  1238 | D        | Killed a skeletal warrior
  1240 | D        | Killed an elephant
  1240 | D        | Reached **** piety under Dithmenos
  1257 | D        | Reached ***** piety under Dithmenos
  1267 | D        | Reached skill level 20 in Stealth
  1270 | D        | Noticed a shining eye
  1270 | D        | Noticed a shining eye
  1272 | D        | Noticed a shining eye
  1286 | D        | Killed a shining eye
  1287 | D        | Gained mutation: Your spells are a little easier to cast,
                  | but a little less powerful. [a shining eye]
  1515 | D        | Gained mutation: You are agile. (Dex +2) [a shining eye]
  1520 | D        | Gained mutation: Your magical capacity is low. (-10% MP) [a
                  | shining eye]
  1522 | D        | Killed a shining eye
  1532 | D        | Reached XP level 11. HP: 58/60 MP: 24/26
  1544 | D        | Reached ****** piety under Dithmenos
  1549 | D        | Reached skill level 21 in Stealth
  1558 | D        | Gained mutation: You are weak. (Str -2) [a shining eye]
  1564 | D        | Killed a shining eye
  1586 | D        | Found Biskic's Weapon Emporium.
  1586 | D        | Found Puiryijat's General Store.
  1586 | D        | Found Suintemn's Antique Weapon Shop.
  1586 | D        | Found Utest's Distillery.
  1586 | D        | Found Joaboh's Distillery.
  1587 | D        | Found Voxary's Magic Scroll Shoppe.
  1587 | D        | Found Ujafax's Weapon Boutique.
  1587 | D        | Found Jauhupti's Weapon Emporium.
  1587 | D        | Found Wasoso's Weapon Shop.
  1587 | D        | Found Okizes's Book Emporium.
  1587 | D        | Found Josol's Assorted Antiques.
  1587 | D        | Found Ysazud's Antique Weapon Shoppe.
  1592 | D        | Bought a book of Conjurations for 420 gold pieces
  1604 | D        | Bought a fine dagger for 168 gold pieces
  1606 | D        | Identified the +10 dagger of Equivalence {drain, SInv} (You
                  | bought it in a shop in the Dungeon)
  1620 | D        | Noticed a golden dragon
  1620 | D        | Noticed a cacodemon
  1621 | D        | Noticed a storm dragon
  1622 | D        | Noticed a frost giant
  1622 | D        | Noticed a deep elf high priest
  1622 | D        | Noticed a bone dragon
  1623 | D        | Killed a cacodemon
  1699 | D        | Killed a frost giant
  1699 | D        | Reached skill level 22 in Stealth
  1699 | D        | Reached skill level 15 in Spellcasting
  1699 | D        | Reached skill level 15 in Hexes
  1838 | D        | Bought a potion of mutation for 112 gold pieces
  1838 | D        | Lost mutation: You are weak. (Str -2) [potion of mutation]
  1838 | D        | Lost mutation: Your spells are a little easier to cast, but
                  | a little less powerful. [potion of mutation]
  1838 | D        | Gained mutation: Armour fits poorly on your strangely
                  | shaped body. [potion of mutation]
  1838 | D        | Gained mutation: Your flesh is cold resistant. (rC+)
                  | [potion of mutation]
  1928 | D        | Noticed Roxanne
  1971 | D        | Annihilated by a golden dragon

Skill      XL: |  1  2  3  4  5  6  7  8  9 10 11 |
---------------+----------------------------------+-----
Fighting       | 2 3 4 5 6 7 |  7.9
Short Blades   | 4 5 6 8 10 11 13 14 | 14.0
Stealth        | 6 7 9 11 12 13 15 18 20 22 | 22.1
Spellcasting   | 6 10 13 15 | 15.0
Hexes          | 6 10 13 15 | 15.1
Dodging        | |  3.0

Action                   |  1- 3 |  4- 6 |  7- 9 | 10-12 || total
-------------------------+-------+-------+-------+-------++-------
Melee: Dagger            |     4 |    42 |    34 |       ||    80
       Rapier            |       |       |     3 |    67 ||    70
 Cast: Ensorcelled Hiber |     1 |     4 |       |       ||     5
       Confuse           |       |     6 |    14 |    26 ||    46
       Invisibility      |       |       |       |     3 ||     3
       Dazzling Spray    |       |       |       |     1 ||     1
Invok: Shadow Step       |       |       |       |     1 ||     1
  Use: Potion            |       |     1 |       |     1 ||     2
       Scroll            |       |       |       |     1 ||     1
 Stab: Sleeping          |     3 |     4 |     3 |    12 ||    22
       Confused          |       |     2 |    11 |     7 ||    20
       Invisible         |       |       |       |     1 ||     1
  Eat: Ration            |       |       |       |     1 ||     1
Armor: Robe              |       |     2 |     1 |       ||     3
Dodge: Dodged            |     1 |    23 |     7 |    35 ||    66
